 Dungeon Crawl Stone Soup version 0.30-a0-1082-g70414cbcbb (webtiles) character file.

Game seed: 16851060845400349542

313 CryoSword the Firebug (level 5, -5/38 HPs)
             Began as a Demigod Fire Elementalist on Apr 14, 2023.
             Splashed by a jelly's acid (9 damage)
             ... on level 3 of the Dungeon.
             The game lasted 00:03:19 (3917 turns).

CryoSword the Firebug (Demigod Fire Elementalist)   Turns: 3917, Time: 00:03:20

Health: -5/38      AC:  0    Str:  9    XL:     5   Next: 98%
Magic:  3/10       EV: 12    Int: 21    God:
Gold:   113        SH:  0    Dex: 14    Spells: 4/7 levels left

rFire   . . .      SeeInvis .    q - +1 scythe (venom)
rCold   . . .      Faith    .    (shield currently unavailable)
rNeg    . . .      Spirit   .    a - +0 robe
rPois   +          Reflect  .    r - +1 helmet
rElec   .          Rampage  .    p - scarf {repulsion}
rCorr   .                        (no gloves)
Will    +....                    (no boots)
Stlth   ++                       (no amulet)
HPRegen 0.26/turn                g - ring of willpower
MPRegen 0.12/turn                h - ring of poison resistance

@: corroded, repel missiles
A: high MP 1, forlorn, divine attributes
a: no special abilities


You were on level 3 of the Dungeon.
You visited 1 branch of the dungeon, and saw 3 of its levels.

You collected 113 gold pieces.

Inventory:

Hand Weapons
 d - a +0 whip
   (You took it off a kobold on level 1 of the Dungeon)
 q - a +1 scythe of venom (weapon)
   (You took it off Sigmund on level 3 of the Dungeon)
Missiles
 t - 6 boomerangs
 w - 3 poisoned darts
Armour
 a - a +0 robe (worn)
 p - a scarf of repulsion (worn)
   (You found it on level 3 of the Dungeon)
 r - a +1 helmet (worn)
   (You found it on level 3 of the Dungeon)
Jewellery
 g - a ring of willpower (left hand)
   (You found it on level 1 of the Dungeon)
 h - a ring of poison resistance (right hand)
   (You found it on level 1 of the Dungeon)
Scrolls
 f - 4 scrolls of teleportation {@r4}
 j - 2 scrolls of summoning {unknown}
 m - a scroll of fear
 n - 2 scrolls of immolation {unknown}
 o - 2 scrolls of amnesia {unknown}
 v - a scroll of enchant weapon {unknown}
 x - a scroll of enchant armour {unknown}
Potions
 b - a potion of magic
 c - 2 potions of attraction {!q}
 e - a potion of flight {unknown}
 i - a potion of heal wounds {unknown}
 k - a potion of brilliance {unknown}
 l - 3 potions of degeneration {!q}
 s - a potion of lignification {unknown}
 u - a potion of haste {unknown}


   Skills:
 - Level 2.3 Maces & Flails
 + Level 0.9 Polearms
 - Level 1.7 Dodging
 - Level 1.7 Stealth
 - Level 1.7 Spellcasting
 + Level 3.4 Conjurations
 + Level 4.3 Fire Magic


You had 4 spell levels left.
You knew the following spells:

 Your Spells              Type           Power      Damage    Failure   Level
a - Foxfire               Conj/Fire      72%        2x1d7     3%          1
b - Scorch                Fire           40%        2d6       3%          2

Your spell library contained the following spells:

 Spells                   Type           Power      Damage    Failure   Level
 Inner Flame              Hex/Fire       11%        N/A       19%         3
 Volatile Blastmotes      Fire/Tloc      22%        2d11      19%         3
 Flame Wave               Conj/Fire      18%        2d7       30%         4


Dungeon Overview and Level Annotations

Branches:
Dungeon (3/15)


Innate Abilities, Weirdness & Mutations

You have an increased reservoir of magic. (+10% MP)
You shall have no god before yourself.
Your divine heritage dramatically boosts your attributes as you level up.


Message History

u - a lumpy green potion
Found an escape hatch in the floor.
You see here a +0 ring mail.
l - 3 potions of degeneration {!q} (gained 2)
You see here a +0 ring mail.
v - a scroll labelled TECKUCS FILESA
There is a stone staircase leading up here.
You see here a bat corpse.
Found a dagger.
No target in view!
You see here a +0 dagger.
Found a stone staircase leading up.
You see here a +0 dagger.
You enter the shallow water.
Moving in this stuff is going to be slow.
You enter the shallow water.
Moving in this stuff is going to be slow.
You enter the shallow water.
Moving in this stuff is going to be slow.
Could not explore, unopened door.
Could not explore, unopened door.
Could not explore, unopened door.
You open the gate. 5 kobolds come into view.
The kobold shouts! x3
A kobold comes into view. It is wielding a +0 dagger.
The kobold shouts! x2
There are monsters nearby!
There are monsters nearby!
A kobold comes into view.
It is wielding a +0 short sword and quivering poisoned darts.
Found a scroll labelled PIOSUO JOL AFI.
The kobold throws a stone.
The stone barely misses you.
There is an open gate here.
You conjure some foxfire!
Flames lash the kobold.
You kill the kobold!
The foxfire hits the kobold!
You kill the kobold!
The foxfire hits the kobold.
The kobold hits you but does no damage.
You conjure some foxfire!
The foxfire hits the kobold.
The kobold barely misses you.
Flames lash the kobold.
The kobold's fire resistance burns away.
The foxfire hits the kobold.
You kill the kobold!
The kobold hits you but does no damage.
You conjure some foxfire!
The kobold closely misses you. x2
Flames lash the kobold.
You kill the kobold!
The foxfire hits the kobold.
You kill the kobold!
The foxfire hits the kobold.
The kobold barely misses you.
You conjure some foxfire!
The kobold is no longer more vulnerable to fire.
The kobold hits you with a +0 dagger. The kobold barely misses you.
You don't have enough magic to cast this spell.
You barely miss the kobold.
The foxfire hits the kobold.
You kill the kobold!
The foxfire hits the kobold.
You kill the kobold!
No target in view!
Found 8 gold pieces.
w - 3 poisoned darts
Things that are here:
a +0 dagger; 3 stones; a +0 short sword
x - a scroll labelled PIOSUO JOL AFI
Things that are here:
a +0 club; 2 stones You now have 113 gold pieces (gained 8).
Could not explore, unopened door.
Could not explore, unopened door.
Could not explore, unopened door.
You open the door.
There is an open door here.
A kobold comes into view. It is wielding a +0 dagger.
A kobold is nearby!
A kobold is nearby!
Flames lash the kobold.
You kill the kobold!
Things that are here:
a +0 dagger; a kobold corpse Could not explore, unopened door.
As you open the door, it creaks loudly!
An endoplasm comes into view. x2
Found a hobgoblin skeleton.
There are monsters nearby!
Flames lash the endoplasm.
You kill the endoplasm!
An endoplasm comes into view.
Flames lash the endoplasm.
You kill the endoplasm!
An endoplasm comes into view.
Flames lash the endoplasm.
You kill the endoplasm!
Something hits the fungus.
The fungus begins to die.
Flames lash the endoplasm.
You kill the endoplasm!
You close the door.
You start resting.
You hear a distant slurping noise.
The door mysteriously vanishes.
A jelly comes into view.
Flames lash the jelly.
The jelly quivers.
The jelly's fire resistance burns away.
The jelly closely misses you.
Flames lash the jelly.
The jelly is burned terribly!
The jelly barely misses you.
Flames lash the jelly.
The jelly is burned terribly!
You kill the jelly!
An endoplasm comes into view. x2
The endoplasm attacks as you move away! The endoplasm closely misses you.
Things that are here:
a +0 dagger; a kobold corpse The endoplasm attacks as you move away!
The endoplasm closely misses you.
An endoplasm comes into view.
A jelly comes into view.
The jelly quivers.
You hit the endoplasm but do no damage. The endoplasm misses you.
The endoplasm barely misses you.
You barely miss the endoplasm. The endoplasm freezes you.
You are frozen.
You hit the endoplasm but do no damage. The endoplasm closely misses you.
The endoplasm freezes you.
You are frozen.
You slash the endoplasm!
You kill the endoplasm!
An endoplasm comes into view.
You hit the endoplasm. The endoplasm misses you.
You hit the endoplasm.
You kill the endoplasm!
The jelly barely misses you.
You hit the jelly.
Your hands burn!
The jelly hits you but does no damage.
You hit the jelly.
Your hands burn!
The jelly hits you but does no damage. The jelly barely misses you.
You barely miss the jelly. The jelly barely misses you.
You hit the jelly.
Your hands burn!
The jelly hits you but does no damage. The jelly closely misses you.
You slash the jelly!
Your hands burn!
* * * LOW HITPOINT WARNING * * *
The jelly hits you.
* * * LOW HITPOINT WARNING * * *
The acid corrodes you!
You are splashed with acid!
* * * LOW HITPOINT WARNING * * *
Flames lash the endoplasm.
You kill the endoplasm!
The jelly hits you.
* * * LOW HITPOINT WARNING * * *
You are splashed with acid!
You die...

#.#.#.....#.# ###.<.[..
.†..#######.# ..#
##...... #.#.# #.# ..#
#....... #.#.# #.# .÷#
#.#.~.~. #.#.# #.# ..#
#.#.≈.~≈ ....# #.# P.#
#....~~≈ #.#.# #)# ..#
###..≈≈≈ ....# #.#
#######.# #.~~≈~ ###.#
#.###.@JJ..# #~~≈~≈ #.#
#.##.######## #.≈~≈~
#.# #.###..'....#
#.~≈≈~ ###.# #.#
####....# #.~≈≈≈ ....#
#.# #.......# #.~≈≈~
##.## #.# #.......#
#.~~~~ ##.########<#
#.......# #~....
.†........#####.......#
#.....
##...........###.)).)##
#####.


You could see a jelly and an endoplasm.

Vanquished Creatures
  Sigmund (D:3)
  A jelly (D:3)
  3 adders
  A worm (D:3)
  3 dart slugs (D:1)
  11 ball pythons
  14 endoplasms
  8 giant cockroaches
  6 hobgoblins
  13 kobolds
  A quokka (D:1)
  2 bats (D:3)
  6 frilled lizards
  2 goblins
  9 rats
81 creatures vanquished.

Vanquished Creatures (others)
  142 foxfires
  7 fungi (D:3)
  8 toadstools (D:3)
157 creatures vanquished.

Grand Total: 238 creatures vanquished

Notes
Turn   | Place    | Note
-------+----------+-------------------------------------------
     0 | D:1      | CryoSword the Demigod Fire Elementalist began the quest for
                  | the Orb.
     0 | D:1      | Reached XP level 1. HP: 14/14 MP: 5/5
     8 | D:1      | Reached skill level 1 in Conjurations
   214 | D:1      | Reached skill level 3 in Fire Magic
   386 | D:1      | Reached XP level 2. HP: 20/20 MP: 2/7
   487 | D:1      | Learned a level 2 spell: Scorch
  1320 | D:1      | Reached XP level 3. HP: 23/26 MP: 3/8
  2539 | D:2      | Reached skill level 1 in Maces & Flails
  3079 | D:3      | Noticed Sigmund
  3084 | D:3      | Killed Sigmund
  3085 | D:3      | Reached skill level 4 in Fire Magic
  3085 | D:3      | Reached XP level 4. HP: 33/33 MP: 3/9
  3085 | D:3      | Reached XP level 5. HP: 38/38 MP: 3/10
  3917 | D:3      | Splashed by a jelly's acid

Illustrated notes

Levels and vault maps discovered:
D:1:      dpeg_arrival_connections, layout_basic
D:2:      layout_basic, kennysheep_generic_room_4
D:3:      cheibrodos_fertilizer, layout_basic,
          nicolae_uskayaw_murder_on_the_dancefloor,
          mainiacjoe_overflow_cross_hatched, chequers_ecumenical_altar_island,
          minmay_surrounded, uniq_sigmund

Skill      XL: |  1  2  3 |
---------------+----------+-----
Conjurations   | 1 2 3 |  3.4
Fire Magic     | 3 4 |  4.3
Maces & Flails | 2 |  2.3
Polearms       | |  0.9
Dodging        | |  1.7
Stealth        | |  1.7
Spellcasting   | |  1.7

Action                     |  1- 3 |  4- 6 || total
---------------------------+-------+-------++-------
  Melee: Unarmed           |     5 |       ||     5
         Whip              |     2 |       ||     2
         Halberd           |       |    18 ||    18
   Cast: Foxfire           |    67 |    16 ||    83
         Scorch            |    33 |    20 ||    53
    Use: Scroll            |     6 |       ||     6
   Stab: Sleeping          |       |     1 ||     1
 Armour: Robe              |     1 |     6 ||     7
  Dodge: Dodged            |     9 |    20 ||    29

Table legend: (Time is in decaauts)
 A = Elapsed time spent in this place.
 B = Non-inter-level travel time spent in this place.
 C = Inter-level travel time spent in this place.
 D = Time resting spent in this place.
 E = Time spent auto-exploring this place.
 F = Levels seen in this place.
 G = Mean time per level.
                   A        B        C        D        E       F      G
               +--------+--------+--------+--------+--------+-----+--------+
         Total |   3926 |   3868 |     58 |     48 |   3376 |   3 | 1308.7 |
       Dungeon |   3926 |   3868 |     58 |     48 |   3376 |   3 | 1308.7 |
               +--------+--------+--------+--------+--------+-----+--------+

Top non-repeatable levels by time:
     D:1: 1795 daAuts
     D:2: 1166 daAuts
     D:3: 965 daAuts
